 Dungeon Crawl Stone Soup version 0.30.0-15-g856e2d3f33 (webtiles) character file.

Game seed: 6984734114363622210

105361 qw the Peltast (level 16, 0/101 HPs)
             Began as a Gargoyle Fighter on May 20, 2023.
             Was a Priest of Okawaru.
             Slain by an orc high priest
             ... wielding a +0 glaive
              (4 damage)
             ... on level 2 of the Orcish Mines.
             The game lasted 00:12:48 (22991 turns).

qw the Peltast (Gargoyle Fighter)                  Turns: 22991, Time: 00:12:49

Health: 0/101      AC: 39    Str: 34    XL:     16   Next: 41%
Magic:  22/23      EV: 10    Int:  9    God:    Okawaru [***...]
Gold:   2342       SH: 25    Dex:  9    Spells: 15/15 levels left

rFire   + . .        f - +2 broad axe (venom)
rCold   + + .        D - +0 tower shield
rNeg    + . .        v - +0 plate armour
rPois   inf          E - +2 helmet {SInv}
rElec   +            p - +0 cloak
rCorr   .            b - +0 pair of gloves "Cushug" {rC++}
SInv    +            l - +1 pair of boots
Will    +....        j - amulet of reflection Stlth
                     B - ring of protection from fire
HPRegen 0.36/turn    r - +6 ring of strength
MPRegen 0.18/turn

%: reflection
@: about to teleport, heroic, flying
A: sickness immunity, AC +12, big wings, negative energy resistance 1,
electricity resistance, torment resistance 1, petrification resistance
a: Renounce Religion, Heroism


You were on level 2 of the Orcish Mines.
You worshipped Okawaru.
Okawaru was most pleased with you.
You visited 4 branches of the dungeon, and saw 23 of its levels.
You also visited: Gauntlet.

You collected 2529 gold pieces.
You spent 187 gold pieces at shops.


Innate Abilities, Weirdness & Mutations

You are immune to sickness and miasma.
Your stone body is resilient. (AC +12)
You are immune to poison.
Your large and strong wings let you fly.
You resist negative energy. (rN+)
You are resistant to electric shocks. (rElec)
You are resistant to unholy torment.
You are immune to petrification.


   Skills:
 - Level 12.0(17.0) Fighting
 - Level 16.0(21.0) Axes
 - Level 6.1(11.1) Throwing
 - Level 11.0(16.0) Armour
 - Level 3.0(8.0) Dodging
 + Level 16.4(21.4) Shields
 - Level 10.0 Invocations


You had 15 spell levels left.
You didn't know any spells.
Your spell library was empty.

Inventory:

Hand Weapons
 f - a +2 broad axe of venom (weapon)
 y - a -1 demon whip of venom
Missiles
 g - 3 silver boomerangs
 n - 15 boomerangs
 w - a silver javelin (quivered)
 C - 12 javelins
Armour
 a - a +4 plate armour
 b - the +0 pair of gloves "Cushug" (worn) {rC++}
   (You found it in a Gauntlet)

   rC:        It greatly protects you from cold.
 c - a +2 pair of gloves
 l - a +1 pair of boots (worn)
 p - a +0 cloak (worn)
 t - +0 acid dragon scales
 v - a +0 plate armour (worn)
 D - a +0 tower shield (worn)
 E - a +2 helmet of see invisible (worn)
 F - +0 fire dragon scales
Jewellery
 j - an amulet of reflection (around neck)
 q - a ring of see invisible
 r - a +6 ring of strength (right hand)
 x - a ring of ice
 B - a ring of protection from fire (left hand)
 Y - a +6 ring of dexterity
Wands
 A - a wand of digging (3)
Scrolls
 i - 2 scrolls of teleportation
 m - 17 scrolls of identify
Potions
 d - 8 potions of might
 e - 4 potions of resistance
 h - 5 potions of lignification
 k - 9 potions of curing
 o - 3 potions of magic
 s - 4 potions of haste
 u - 3 potions of attraction
 z - a potion of mutation

Dungeon Overview and Level Annotations

Branches:
Dungeon (15/15)            Temple (1/1) D:5            Lair (5/5) D:11
 Shoals (0/4) Lair:3        Snake (0/4) Lair:2        Slime (0/5) Lair:5
    Orc (2/2) D:9             Elf (0/3) Orc:2        Vaults (0/5) D:13
 Depths (0/4) D:15        Gauntlet (visited)

Altars:
Ashenzari
Cheibriados
Dithmenos
Elyvilon
Fedhas
Gozag
Hepliaklqana
Kikubaaqudgha
Makhleb
Nemelex Xobeh
Okawaru
Qazlal
Ru
Sif Muna
Trog
Uskayaw
Vehumet
Wu Jian
Xom
Yredelemnul
Zin
The Shining One
Jiyva

Shops:
D:3 !   D:4 [

Annotations:
D:10 2 runed translucent doors
D:14 3 runed translucent doors, Kapsuk's ghost, journeyman DECj


Message History

The bolt hits the orc warrior!!
The orc priest shouts!
You closely miss the orc knight.
The orc knight is almost dead.
You hit the orc warrior but do no damage.
You hear a shout!
You block the orc knight's attack.
An orc knight comes into view. It is wielding a +0 war axe.
The orc warrior hits you with a +0 morningstar!!
An orc warrior comes into view.
It is wielding a +0 scimitar and quivering boomerangs of dispersal.
22988 ||| READING 3 scrolls of teleportation.
As you read the scroll of teleportation, it crumbles to dust.
You feel strangely unstable.
The orc knight no longer looks unusually strong.
You kill the orc warrior!
Okawaru accepts your kill. You block the orc warrior's attack.
The orc knight closely misses you.
You slash the orc knight!
You kill the orc knight!
Okawaru accepts your kill.
You hit the orc knight but do no damage.
The orc knight is poisoned.
You slash the orc warrior!
You kill the orc warrior!
Okawaru accepts your kill. You block the orc warrior's attack.
The orc priest begins to cast a cantrip, but forgets the words!
The orc knight roars a battlecry!
The orcs go into a battle-frenzy!
You slash the orc knight!
The orc knight looks as sick as possible!
The orc knight is lightly wounded.
The orc warrior no longer looks unusually strong.
You closely miss the orc knight.
The orc knight is lightly wounded.
You slash the orange demon!
The orange demon looks as sick as possible!
The orc warrior no longer looks unusually strong.
The orc priest no longer looks unusually strong.
The orc high priest hits you from afar with a +0 glaive.
You die...

######################
## ####### #.
###.....### #.
###.........## #.
##.............##.
###...............##
#.#.#.#.#.#.#.#.#.#.#.#.
()..4oo)..............).
...#.#@...............)
oo.ooo4..............).)
#.#o#o#.#.#.#.#.#.#.#.#.
###...............#.
##.............##.
###.........####.
###.....### #. #######
#. ########### ###


You could see an orc knight (extremely poisoned), an orc high priest (strong),
an orange demon (summoned, extremely poisoned), a red devil (summoned), 4 orc
warriors and 3 orc priests.

Vanquished Creatures
  Rupert (Lair:5)
  Kirke (Lair:3)
  Roxanne (D:14)
  A juggernaut skeleton (D:15)
  A caustic shrike skeleton (D:15)
  A minotaur (Gauntlet)
  Snorg (Lair:3)
  An ettin (Orc:2)
  3 vault guards (D:13)
  Fannar (Lair:3)
  A catoblepas (D:13)
  An ogre mage (D:15)
  2 centaur warriors
  2 hydras
  A death knight (D:15)
  2 death scarabs (Gauntlet)
  9 two-headed ogres
  5 boulder beetles
  16 death yaks
  A vampire mage (D:15)
  An orc high priest (Orc:2)
  Amaemon (Lair:1)
  A spectral death yak (Gauntlet)
  Sonja (Lair:5)
  3 skeletal warriors (D:15)
  A spectral catoblepas (Gauntlet)
  A skyshark (Lair:4)
  A goliath frog (Lair:5)
  2 deep elf pyromancers
  8 orc knights
  A spectral boulder beetle (Gauntlet)
  A necromancer (D:15)
  4 ugly things (D:14)
  2 oklob plants (Lair:5)
  3 manticores
  3 orc sorcerers
  5 cyclopes
  6 elephants (Lair:4)
  A merfolk siren (Lair:3)
  Joseph (D:7)
  4 black mambas
  2 torpor snails (Lair:1)
  A frost giant skeleton (D:15)
  A guardian serpent (Lair:2)
  An orange demon (Lair:1)
  25 cane toads
  4 gargoyles
  Maggie (Lair:2)
  6 rime drakes
  2 unseen horrors
  3 freezing wraiths (D:15)
  2 kobold demonologists (D:13)
  13 komodo dragons
  3 meliai (D:14)
  6 trolls
  3 polar bears
  3 hornets
  4 tyrant leeches (Lair:5)
  2 raiju (Gauntlet)
  14 blink frogs
  11 slime creatures (D:12)
  Sigmund (D:2)
  7 wyverns
  2 vampires (D:13)
  48 yaks
  A wraith (D:13)
  6 humans (D:13)
  7 hogs (Lair:3)
  A spectral komodo dragon (Gauntlet)
  3 basilisks
  6 steam dragons
  17 vampire mosquitoes
  A death yak simulacrum (Lair:5)
  Menkaure (D:6)
  2 swamp worms (shapeshifter)
  A two-headed ogre zombie (D:9)
  4 acid dragons
  A human zombie (D:15)
  5 water moccasins
  2 ice beasts
  A sky beast (D:7)
  26 orc warriors
  7 ogres
  A black bear (Lair:1)
  9 centaurs
  24 wolves
  2 phantoms (D:9)
  2 kobold brigands
  A gnoll sergeant (D:8)
  19 bullfrogs
  A scorpion (D:7)
  7 wights
  3 troll zombies (D:9)
  An elephant simulacrum (Lair:5)
  27 killer bees
  4 howler monkeys
  2 electric eels (Lair:1)
  A gnoll bouda (D:5)
  25 orc priests
  3 hounds
  2 jellies
  3 iguanas
  A sleepcap (D:8)
  13 orc wizards
  A statue (D:3)
  A polar bear simulacrum (Lair:5)
  4 ogre zombies (D:9)
  Robin (D:2)
  16 gnolls
  5 adders
  3 white imps
  An ufetubus (D:5)
  3 worms
  3 dart slugs
  112 orcs
  3 ball pythons (D:1)
  4 endoplasms
  3 giant cockroaches
  22 goblins
  28 hobgoblins
  7 jackals
  4 quokkas
  4 bats
  4 frilled lizards
  A goblin skeleton (D:9)
  3 goblin zombies (D:9)
  A hobgoblin skeleton (D:9)
  A hobgoblin zombie (D:9)
  22 kobolds
  4 orc skeletons (D:9)
  15 orc zombies (D:9)
  6 rats
  A spectral kobold (D:8)
794 creatures vanquished.

Vanquished Creatures (others)
  A vault guard (D:13)
  A human (D:13)
2 creatures vanquished.

Grand Total: 796 creatures vanquished

Notes
Turn   | Place    | Note
-------+----------+-------------------------------------------
     0 | D:1      | qw the Gargoyle Fighter began the quest for the Orb.
     0 | D:1      | Reached XP level 1. HP: 14/14 MP: 1/1
     0 | D:1      | 0 ||| qw: Version: 0.2-a-97-g499787f
     0 | D:1      | 0 ||| qw: Game counter: 56
     0 | D:1      | 0 ||| qw: Always use a shield: true
     0 | D:1      | 0 ||| qw: God list: Okawaru
     0 | D:1      | 0 ||| qw: Allow faded altars: false
     0 | D:1      | 0 ||| qw: Do Orc after D:15 true
     0 | D:1      | 0 ||| qw: Do second Lair branch before Depths: true
     0 | D:1      | 0 ||| qw: Lair rune preference: random
     0 | D:1      | 0 ||| qw: Plans: Normal, Zot:1-4, God:TSO, Crypt, Tomb,
                  | Pan, Slime:5, Hells, Abyss, Win
     0 | D:1      | 0 ||| PLANNING D:1-11
    36 | D:1      | Reached XP level 2. HP: 8/19 MP: 2/2
   172 | D:1      | 172 ||| Stepping ~*~*~tactically~*~*~ (stealth).
   177 | D:1      | Reached skill level 3 in Axes
   192 | D:1      | Found a faded altar of an unknown god.
   203 | D:1      | 203 ||| Stepping ~*~*~tactically~*~*~ (hiding).
   205 | D:1      | 205 ||| Stepping ~*~*~tactically~*~*~ (hiding).
   208 | D:1      | 208 ||| Stepping ~*~*~tactically~*~*~ (hiding).
   216 | D:1      | Reached XP level 3. HP: 23/23 MP: 3/3
   431 | D:1      | 431 ||| Stepping ~*~*~tactically~*~*~ (hiding).
   595 | D:1      | 595 ||| DROPPING +0 club.
  1007 | D:1      | 1007 ||| READING scroll labelled DON BOZILE.
  1008 | D:1      | 1008 ||| READING scroll labelled JAUDOPH TUSHA.
  1009 | D:1      | 1009 ||| READING scroll labelled OMEORE ORYSAUT.
  1013 | D:1      | 1013 ||| READING scroll labelled MESMOEPA HIRONIT.
  1026 | D:2      | Noticed Robin
  1038 | D:2      | Killed Robin
  1039 | D:2      | Reached XP level 4. HP: 21/28 MP: 4/4
  1160 | D:2      | 1160 ||| READING scroll of brand weapon.
  1160 | D:2      | 1160 ||| BRANDING +0 war axe of chaos.
  1517 | D:2      | Noticed Sigmund
  1524 | D:2      | Killed Sigmund
  1525 | D:2      | Reached XP level 5. HP: 22/32 MP: 5/5
  1525 | D:2      | Reached XP level 6. HP: 26/37 MP: 6/6
  1763 | D:2      | 1763 ||| UPGRADING to +0 helmet.
  1768 | D:2      | 1768 ||| UPGRADING to +1 pair of boots.
  1773 | D:2      | 1773 ||| READING 2 scrolls labelled PIATWO WYLE.
  1774 | D:2      | 1774 ||| READING scroll labelled XACWUYFFASE.
  1775 | D:2      | 1775 ||| READING scroll labelled JAACZOP IGESE.
  1776 | D:2      | 1776 ||| DRINKING 2 fuming clear potions.
  1777 | D:2      | 1777 ||| DROPPING scroll of blinking.
  1865 | D:3      | 1865 ||| DROPPING +0 mace.
  1904 | D:3      | Found an ornate altar of the Wu Jian Council.
  1987 | D:3      | Found a radiant altar of Vehumet.
  2153 | D:3      | 2153 ||| Stepping ~*~*~tactically~*~*~ (stealth).
  2170 | D:3      | 2170 ||| Stepping ~*~*~tactically~*~*~ (stealth).
  2171 | D:3      | 2171 ||| Stepping ~*~*~tactically~*~*~ (stealth).
  2384 | D:3      | Found an ancient bone altar of Kikubaaqudgha.
  2454 | D:3      | Found Ischuucuu's Distillery.
  2469 | D:3      | 2469 ||| BUYING potion of curing (42 gold).
  2469 | D:3      | Bought a potion of curing for 42 gold pieces
  2469 | D:3      | 2469 ||| BUYING potion of lignification (42 gold).
  2469 | D:3      | Bought a potion of lignification for 42 gold pieces
  2734 | D:3      | Found a hide-covered altar of Uskayaw.
  2795 | D:3      | 2795 ||| UPGRADING to +0 chain mail.
  2846 | D:3      | 2846 ||| DROPPING +0 scale mail.
  2851 | D:3      | 2851 ||| UPGRADING to amulet of reflection.
  3108 | D:3      | 3108 ||| READING 3 scrolls of identify.
  3108 | D:3      | 3108 ||| IDENTIFYING coppery potion
  3109 | D:3      | 3109 ||| READING 2 scrolls of identify.
  3109 | D:3      | 3109 ||| IDENTIFYING purple potion
  3110 | D:3      | 3110 ||| DROPPING potion of degeneration.
  3144 | D:4      | Found Fuyla's Antique Armour Emporium.
  3161 | D:4      | 3161 ||| BUYING cloak (103 gold).
  3161 | D:4      | Bought a cloak for 103 gold pieces
  3161 | D:4      | 3161 ||| SHOPLISTING pair of glowing gloves (172 gold, have
                  | 20).
  3161 | D:4      | 3161 ||| SHOPLISTING shiny chain mail (172 gold, have 20).
  3174 | D:4      | 3174 ||| Stepping ~*~*~tactically~*~*~ (stealth).
  3244 | D:4      | Reached skill level 6 in Axes
  3334 | D:4      | Reached skill level 1 in Dodging
  3400 | D:4      | 3400 ||| Stepping ~*~*~tactically~*~*~ (stealth).
  3408 | D:4      | 3408 ||| Stepping ~*~*~tactically~*~*~ (stealth).
  3424 | D:4      | 3424 ||| Stepping ~*~*~tactically~*~*~ (stealth).
  3439 | D:4      | Reached XP level 7. HP: 40/43 MP: 7/7
  3451 | D:4      | Found an opulent altar of Gozag.
  3619 | D:4      | Found a glowing golden altar of the Shining One.
  3627 | D:4      | 3627 ||| UPGRADING to +0 kite shield.
  3637 | D:4      | 3637 ||| DROPPING +0 buckler.
  3638 | D:4      | 3638 ||| UPGRADING to +0 cloak.
  3693 | D:4      | Found a shadowy altar of Dithmenos.
  3799 | D:4      | 3799 ||| READING 3 scrolls of identify.
  3799 | D:4      | 3799 ||| IDENTIFYING bubbling sapphire potion
  3821 | D:5      | Entered Level 5 of the Dungeon
  4178 | D:5      | 4178 ||| DROPPING +0 heavy mace.
  4215 | D:5      | Found a staircase to the Ecumenical Temple.
  4216 | D:5      | 4216 ||| PLANNING TEMPLE
  4216 | D:5      | 4216 ||| READING scroll labelled FAXUOZXAIG.
  4217 | D:5      | 4217 ||| READING scroll labelled ORIUTW ALUYRIST.
  4223 | Temple   | Entered the Ecumenical Temple
  4224 | Temple   | 4224 ||| PLANNING OKAWARU WORSHIP
  4239 | Temple   | Became a worshipper of Warmaster Okawaru
  4239 | Temple   | 4239 ||| PLANNING D:1-11
  4683 | D:5      | HP: 2/43 [orc priest/divine providence (17)]
  4684 | D:5      | 4684 ||| READING 5 scrolls of teleportation.
  4685 | D:5      | 4685 ||| DRINKING 2 potions of heal wounds.
  4827 | D:5      | 4827 ||| READING scroll labelled CUSENK EPNE.
  4828 | D:5      | 4828 ||| DRINKING 2 golden potions.
  4829 | D:5      | 4829 ||| DROPPING potion of flight.
  4867 | D:6      | 4867 ||| Stepping ~*~*~tactically~*~*~ (stealth).
  4869 | D:6      | 4869 ||| Stepping ~*~*~tactically~*~*~ (hiding).
  4883 | D:6      | Reached skill level 6 in Shields
  4883 | D:6      | Reached XP level 8. HP: 37/48 MP: 8/8
  5055 | D:6      | Found Ybet Xaph's Distillery.
  5062 | D:6      | 5062 ||| Stepping ~*~*~tactically~*~*~ (stealth).
  5091 | D:6      | 5091 ||| Stepping ~*~*~tactically~*~*~ (stealth).
  5092 | D:6      | 5092 ||| Stepping ~*~*~tactically~*~*~ (stealth).
  5105 | D:6      | 5105 ||| Stepping ~*~*~tactically~*~*~ (stealth).
  5109 | D:6      | Reached * piety under Okawaru
  5134 | D:6      | 5134 ||| DROPPING +0 flail.
  5181 | D:6      | Reached skill level 1 in Invocations
  5286 | D:6      | 5286 ||| INVOKING Heroism.
  5379 | D:6      | 5379 ||| Stepping ~*~*~tactically~*~*~ (stealth).
  5472 | D:6      | Noticed Menkaure
  5473 | D:6      | 5473 ||| Stepping ~*~*~tactically~*~*~ (hiding).
  5478 | D:6      | 5478 ||| INVOKING Heroism.
  5486 | D:6      | Killed Menkaure
  5487 | D:6      | Reached skill level 3 in Invocations
  5782 | D:6      | 5782 ||| READING scroll labelled XERUTI YDOX.
  5783 | D:6      | 5783 ||| READING scroll labelled ENEFFA KATEXA.
  5883 | D:7      | Noticed Joseph
  5890 | D:7      | Reached XP level 9. HP: 49/54 MP: 10/12
  5898 | D:7      | Reached skill level 1 in Throwing
  5905 | D:7      | 5905 ||| INVOKING Heroism.
  5914 | D:7      | Killed Joseph
  5914 | D:7      | Reached ** piety under Okawaru
  6025 | D:7      | 6025 ||| Stepping ~*~*~tactically~*~*~ (stealth).
  6035 | D:7      | 6035 ||| INVOKING Heroism.
  6120 | D:7      | Found a shimmering altar of Xom.
  6146 | D:7      | 6146 ||| DROPPING +5 flail.
  6162 | D:7      | 6162 ||| Stepping ~*~*~tactically~*~*~ (hiding).
  6163 | D:7      | 6163 ||| Stepping ~*~*~tactically~*~*~ (hiding).
  6227 | D:7      | Reached skill level 6 in Fighting
  6583 | D:7      | 6583 ||| UPGRADING to +6 ring of strength.
  6584 | D:7      | 6584 ||| READING scroll labelled FUISKY AQ LEUH.
  6611 | D:8      | 6611 ||| READING scroll of enchant weapon.
  6611 | D:8      | 6611 ||| ENCHANTING +1 war axe of draining.
  6661 | D:8      | Found a blossoming altar of Fedhas.
  6683 | D:8      | Noticed a hornet
  6694 | D:8      | Killed a hornet
  6740 | D:8      | 6740 ||| Stepping ~*~*~tactically~*~*~ (stealth).
  6778 | D:8      | 6778 ||| Stepping ~*~*~tactically~*~*~ (hiding).
  6889 | D:8      | Found a hazy altar of Hepliaklqana.
  6924 | D:8      | 6924 ||| Stepping ~*~*~tactically~*~*~ (hiding).
  6929 | D:8      | 6929 ||| INVOKING Heroism.
  6977 | D:8      | 6977 ||| INVOKING Heroism.
  6983 | D:8      | Reached XP level 10. HP: 51/60 MP: 10/13
  6983 | D:8      | 6983 ||| Stepping ~*~*~tactically~*~*~ (cloud).
  7106 | D:8      | 7106 ||| Stepping ~*~*~tactically~*~*~ (hiding).
  7107 | D:8      | 7107 ||| Stepping ~*~*~tactically~*~*~ (hiding).
  7130 | D:8      | 7130 ||| INVOKING Heroism.
  7222 | D:8      | 7222 ||| INVOKING Heroism.
  7227 | D:8      | Reached skill level 9 in Axes
  7241 | D:8      | 7241 ||| Stepping ~*~*~tactically~*~*~ (stealth).
  7479 | D:8      | 7479 ||| UPGRADING to +0 pair of gloves.
  7484 | D:8      | 7484 ||| READING scroll labelled BAUSIU XIRU.
  7485 | D:8      | 7485 ||| READING 9 scrolls of identify.
  7485 | D:8      | 7485 ||| IDENTIFYING fizzy yellow potion
  7578 | D:9      | Found a staircase to the Orcish Mines.
  7590 | D:9      | 7590 ||| INVOKING Heroism.
  7610 | D:9      | 7610 ||| INVOKING Heroism.
  7778 | D:9      | Found a stormy altar of Qazlal.
  7852 | D:9      | 7852 ||| INVOKING Heroism.
  7856 | D:9      | Reached skill level 9 in Shields
  7943 | D:9      | 7943 ||| Stepping ~*~*~tactically~*~*~ (hiding).
  7951 | D:9      | 7951 ||| DRINKING 7 potions of curing.
  7951 | D:9      | 7951 ||| (to cure confusion)
  7979 | D:9      | Found a white marble altar of Elyvilon.
  8028 | D:9      | 8028 ||| Stepping ~*~*~tactically~*~*~ (hiding).
  8037 | D:9      | Reached *** piety under Okawaru
  8112 | D:9      | 8112 ||| Stepping ~*~*~tactically~*~*~ (hiding).
  8343 | D:9      | 8343 ||| READING scroll labelled QEBUUS ODOLU.
  8343 | D:9      | Identified a scroll of acquirement
  8343 | D:9      | 8343 ||| ACQUIRING +0 broad axe of freezing
  8343 | D:9      | Acquired a +0 broad axe of freezing
  8345 | D:9      | 8345 ||| SWAPPING to +0 broad axe of freezing.
  8346 | D:9      | 8346 ||| DROPPING +2 war axe of draining.
  8347 | D:9      | 8347 ||| READING scroll labelled KYFAQ GIYR.
  8393 | D:10     | Entered Level 10 of the Dungeon
  8449 | D:10     | Found a snail-covered altar of Cheibriados.
  8468 | D:10     | 8468 ||| INVOKING Heroism.
  8490 | D:10     | Reached skill level 6 in Armour
  8555 | D:10     | Reached XP level 11. HP: 62/68 MP: 14/14
  8693 | D:10     | 8693 ||| INVOKING Heroism.
  8803 | D:10     | Found a runed translucent door.
  8805 | D:10     | Found a runed translucent door.
  8958 | D:10     | Found a broken altar of Ashenzari.
  9027 | D:10     | 9027 ||| Stepping ~*~*~tactically~*~*~ (hiding).
  9261 | D:10     | 9261 ||| READING 10 scrolls of identify.
  9261 | D:10     | 9261 ||| IDENTIFYING inky potion
  9436 | D:11     | Noticed a two-headed ogre
  9437 | D:11     | 9437 ||| Stepping ~*~*~tactically~*~*~ (hiding).
  9438 | D:11     | 9438 ||| INVOKING Heroism.
  9438 | D:11     | Noticed a two-headed ogre
  9444 | D:11     | Killed a two-headed ogre
  9444 | D:11     | Reached **** piety under Okawaru
  9449 | D:11     | Killed a two-headed ogre
  9660 | D:11     | 9660 ||| INVOKING Heroism.
  9809 | D:11     | Noticed a boulder beetle
  9810 | D:11     | 9810 ||| INVOKING Heroism.
  9822 | D:11     | HP: 12/68 [boulder beetle (12)]
  9823 | D:11     | 9823 ||| READING 6 scrolls of teleportation.
  9824 | D:11     | 9824 ||| DRINKING 2 potions of heal wounds.
  9826 | D:11     | Killed a boulder beetle
  9946 | D:11     | 9946 ||| Stepping ~*~*~tactically~*~*~ (stealth).
  9948 | D:11     | 9948 ||| Stepping ~*~*~tactically~*~*~ (hiding).
 10059 | D:11     | Reached skill level 6 in Invocations
 10121 | D:11     | 10121 ||| DROPPING +0 flail of venom.
 10171 | D:11     | Found a staircase to the Lair.
 10198 | D:11     | Found a bloodstained altar of Trog.
 10226 | D:11     | 10226 ||| INVOKING Heroism.
 10306 | D:11     | 10306 ||| PLANNING LAIR
 10306 | D:11     | 10306 ||| UPGRADING to +0 plate armour.
 10316 | D:11     | 10316 ||| DROPPING +0 chain mail.
 10322 | Lair:1   | Entered Level 1 of the Lair of Beasts
 10328 | Lair:1   | 10328 ||| READING scroll of enchant weapon.
 10328 | Lair:1   | 10328 ||| ENCHANTING +0 broad axe of freezing.
 10402 | Lair:1   | 10402 ||| INVOKING Heroism.
 10469 | Lair:1   | Noticed a boulder beetle
 10470 | Lair:1   | 10470 ||| INVOKING Heroism.
 10487 | Lair:1   | 10487 ||| Stepping ~*~*~tactically~*~*~ (stealth).
 10492 | Lair:1   | Killed a boulder beetle
 10497 | Lair:1   | 10497 ||| INVOKING Heroism.
 10505 | Lair:1   | Reached XP level 12. HP: 66/73 MP: 15/17
 10515 | Lair:1   | Reached ***** piety under Okawaru
 10522 | Lair:1   | 10522 ||| INVOKING Heroism.
 10528 | Lair:1   | 10528 ||| Stepping ~*~*~tactically~*~*~ (stealth).
 10584 | Lair:1   | 10584 ||| Stepping ~*~*~tactically~*~*~ (stealth).
 10610 | Lair:1   | 10610 ||| Stepping ~*~*~tactically~*~*~ (stealth).
 10611 | Lair:1   | 10611 ||| Stepping ~*~*~tactically~*~*~ (stealth).
 10618 | Lair:1   | 10618 ||| Stepping ~*~*~tactically~*~*~ (stealth).
 10801 | Lair:1   | Noticed a death yak
 10801 | Lair:1   | 10801 ||| Stepping ~*~*~tactically~*~*~ (stealth).
 10805 | Lair:1   | 10805 ||| Stepping ~*~*~tactically~*~*~ (stealth).
 10806 | Lair:1   | Noticed a death yak
 10807 | Lair:1   | 10807 ||| Stepping ~*~*~tactically~*~*~ (stealth).
 10808 | Lair:1   | Noticed a death yak
 10809 | Lair:1   | 10809 ||| INVOKING Heroism.
 10812 | Lair:1   | Noticed a death yak
 10817 | Lair:1   | Noticed a death yak
 10818 | Lair:1   | 10818 ||| INVOKING Finesse.
 10822 | Lair:1   | Killed a death yak
 10825 | Lair:1   | Killed a death yak
 10833 | Lair:1   | Killed a death yak
 10834 | Lair:1   | Reached skill level 9 in Fighting
 10834 | Lair:1   | Reached skill level 9 in Invocations
 10838 | Lair:1   | Killed a death yak
 10849 | Lair:1   | Received a gift from Okawaru
 10853 | Lair:1   | Killed a death yak
 10859 | Lair:1   | Received a gift from Okawaru
 10998 | Lair:1   | Noticed Amaemon
 10999 | Lair:1   | 10999 ||| INVOKING Heroism.
 11013 | Lair:1   | Killed Amaemon
 11020 | Lair:1   | 11020 ||| DROPPING +0 morningstar.
 11079 | Lair:1   | Noticed a six-headed hydra
 11080 | Lair:1   | 11080 ||| INVOKING Heroism.
 11081 | Lair:1   | 11081 ||| INVOKING Finesse.
 11086 | Lair:1   | 11086 ||| SWAPPING to -1 demon whip of venom.
 11089 | Lair:1   | Killed a six-headed hydra
 11090 | Lair:1   | Reached skill level 9 in Armour
 11090 | Lair:1   | 11090 ||| SWAPPING to +1 broad axe of freezing.
 11149 | Lair:1   | 11149 ||| INVOKING Heroism.
 11156 | Lair:1   | Reached skill level 3 in Throwing
 11231 | Lair:1   | 11231 ||| INVOKING Heroism.
 11622 | Lair:1   | 11622 ||| READING 13 scrolls of identify.
 11622 | Lair:1   | 11622 ||| IDENTIFYING smoky grey potion
 11623 | Lair:1   | 11623 ||| DROPPING potion of brilliance.
 11672 | Lair:2   | Found a staircase to the Snake Pit.
 11681 | Lair:2   | Noticed Maggie
 11687 | Lair:2   | 11687 ||| INVOKING Heroism.
 11689 | Lair:2   | Killed Maggie
 11773 | Lair:2   | 11773 ||| Stepping ~*~*~tactically~*~*~ (stealth).
 11776 | Lair:2   | 11776 ||| INVOKING Heroism.
 11821 | Lair:2   | Reached XP level 13. HP: 80/80 MP: 20/20
 11824 | Lair:2   | 11824 ||| INVOKING Heroism.
 11830 | Lair:2   | Reached skill level 12 in Axes
 11832 | Lair:2   | Received a gift from Okawaru
 11839 | Lair:2   | 11839 ||| SWAPPING to -1 demon whip of venom.
 11858 | Lair:2   | 11858 ||| SWAPPING to +1 broad axe of freezing.
 11868 | Lair:2   | 11868 ||| Stepping ~*~*~tactically~*~*~ (stealth).
 11869 | Lair:2   | 11869 ||| Stepping ~*~*~tactically~*~*~ (stealth).
 11873 | Lair:2   | 11873 ||| Stepping ~*~*~tactically~*~*~ (stealth).
 11874 | Lair:2   | 11874 ||| INVOKING Heroism.
 11891 | Lair:2   | Received a gift from Okawaru
 11892 | Lair:2   | Received a gift from Okawaru
 11893 | Lair:2   | 11893 ||| INVOKING Finesse.
 12451 | Lair:2   | 12451 ||| Stepping ~*~*~tactically~*~*~ (stealth).
 12612 | Lair:2   | 12612 ||| UPGRADING to ring of willpower.
 12613 | Lair:2   | 12613 ||| READING 13 scrolls of identify.
 12613 | Lair:2   | 12613 ||| IDENTIFYING yellow potion
 12614 | Lair:2   | 12614 ||| READING 12 scrolls of identify.
 12614 | Lair:2   | 12614 ||| IDENTIFYING bubbling green potion
 12615 | Lair:2   | 12615 ||| DROPPING potion of ambrosia.
 12675 | Lair:3   | Noticed Kirke
 12676 | Lair:3   | 12676 ||| Stepping ~*~*~tactically~*~*~ (stealth).
 12678 | Lair:3   | 12678 ||| Stepping ~*~*~tactically~*~*~ (stealth).
 12715 | Lair:3   | 12715 ||| Stepping ~*~*~tactically~*~*~ (stealth).
 12717 | Lair:3   | 12717 ||| Stepping ~*~*~tactically~*~*~ (stealth).
 12719 | Lair:3   | 12719 ||| Stepping ~*~*~tactically~*~*~ (stealth).
 12722 | Lair:3   | 12722 ||| INVOKING Heroism.
 12723 | Lair:3   | 12723 ||| INVOKING Finesse.
 12746 | Lair:3   | Killed Kirke
 12872 | Lair:3   | Noticed Fannar
 12873 | Lair:3   | 12873 ||| Stepping ~*~*~tactically~*~*~ (hiding).
 12881 | Lair:3   | 12881 ||| INVOKING Heroism.
 12890 | Lair:3   | HP: 16/82 [komodo dragon (14)]
 12891 | Lair:3   | 12891 ||| READING 8 scrolls of teleportation.
 12892 | Lair:3   | 12892 ||| DRINKING 4 potions of heal wounds.
 12915 | Lair:3   | HP: 19/82 [Fannar/bolt of cold (18)]
 12916 | Lair:3   | 12916 ||| READING 7 scrolls of teleportation.
 12917 | Lair:3   | 12917 ||| DRINKING 3 potions of heal wounds.
 12922 | Lair:3   | Killed Fannar
 12922 | Lair:3   | Received a gift from Okawaru
 13073 | Lair:3   | 13073 ||| INVOKING Heroism.
 13106 | Lair:3   | 13106 ||| READING scroll of enchant armour.
 13106 | Lair:3   | 13106 ||| ENCHANTING +0 pair of gloves.
 13187 | Lair:3   | 13187 ||| READING scroll of enchant armour.
 13187 | Lair:3   | 13187 ||| ENCHANTING +1 pair of gloves.
 13213 | Lair:3   | Found a staircase to the Shoals.
 13214 | Lair:3   | 13214 ||| Stepping ~*~*~tactically~*~*~ (hiding).
 13298 | Lair:3   | Noticed Snorg
 13299 | Lair:3   | 13299 ||| INVOKING Heroism.
 13305 | Lair:3   | Killed Snorg
 13646 | Lair:3   | 13646 ||| READING 15 scrolls of identify.
 13646 | Lair:3   | 13646 ||| IDENTIFYING clear potion
 13647 | Lair:3   | 13647 ||| DROPPING potion of berserk rage.
 13706 | Lair:4   | 13706 ||| INVOKING Heroism.
 13726 | Lair:4   | 13726 ||| Stepping ~*~*~tactically~*~*~ (hiding).
 13732 | Lair:4   | 13732 ||| Stepping ~*~*~tactically~*~*~ (stealth).
 13834 | Lair:4   | 13834 ||| Stepping ~*~*~tactically~*~*~ (stealth).
 13843 | Lair:4   | Gained mutation: Your large and strong wings let you fly.
                  | [Gargoyle growth]
 13843 | Lair:4   | Reached XP level 14. HP: 87/88 MP: 21/21
 13846 | Lair:4   | Received a gift from Okawaru
 13861 | Lair:4   | 13861 ||| Stepping ~*~*~tactically~*~*~ (stealth).
 13863 | Lair:4   | 13863 ||| Stepping ~*~*~tactically~*~*~ (stealth).
 13865 | Lair:4   | 13865 ||| Stepping ~*~*~tactically~*~*~ (stealth).
 13964 | Lair:4   | 13964 ||| READING scroll of enchant armour.
 13964 | Lair:4   | 13964 ||| ENCHANTING +0 helmet.
 14021 | Lair:4   | 14021 ||| Stepping ~*~*~tactically~*~*~ (hiding).
 14359 | Lair:5   | Entered Level 5 of the Lair of Beasts
 14424 | Lair:5   | 14424 ||| Stepping ~*~*~tactically~*~*~ (stealth).
 14435 | Lair:5   | 14435 ||| Stepping ~*~*~tactically~*~*~ (stealth).
 14436 | Lair:5   | 14436 ||| Stepping ~*~*~tactically~*~*~ (stealth).
 14552 | Lair:5   | 14552 ||| INVOKING Heroism.
 14586 | Lair:5   | 14586 ||| Stepping ~*~*~tactically~*~*~ (stealth).
 14663 | Lair:5   | 14663 ||| Stepping ~*~*~tactically~*~*~ (stealth).
 14677 | Lair:5   | Received a gift from Okawaru
 14693 | Lair:5   | 14693 ||| Stepping ~*~*~tactically~*~*~ (stealth).
 14708 | Lair:5   | 14708 ||| INVOKING Heroism.
 14753 | Lair:5   | Noticed Sonja
 14754 | Lair:5   | 14754 ||| INVOKING Finesse.
 14765 | Lair:5   | Killed Sonja
 14766 | Lair:5   | Reached skill level 12 in Shields
 14870 | Lair:5   | 14870 ||| Stepping ~*~*~tactically~*~*~ (stealth).
 14872 | Lair:5   | 14872 ||| INVOKING Heroism.
 14981 | Lair:5   | 14981 ||| INVOKING Heroism.
 15045 | Lair:5   | 15045 ||| INVOKING Heroism.
 15046 | Lair:5   | Found a viscous altar of Jiyva.
 15046 | Lair:5   | Found a staircase to the Slime Pits.
 15062 | Lair:5   | 15062 ||| DRINKING potion of cancellation.
 15064 | Lair:5   | 15064 ||| INVOKING Heroism.
 15329 | Lair:5   | Reached skill level 15 in Axes
 15365 | Lair:5   | Noticed Rupert
 15366 | Lair:5   | 15366 ||| INVOKING Heroism.
 15389 | Lair:5   | Killed Rupert
 15732 | Lair:5   | 15732 ||| Stepping ~*~*~tactically~*~*~ (stealth).
 15893 | Lair:5   | 15893 ||| Stepping ~*~*~tactically~*~*~ (stealth).
 15895 | Lair:5   | Reached XP level 15. HP: 96/96 MP: 22/22
 16120 | Lair:5   | 16120 ||| PLANNING D
 16120 | Lair:5   | 16120 ||| DROPPING +2 chain mail of willpower.
 16121 | Lair:5   | 16121 ||| UPGRADING to ring of see invisible.
 16123 | Lair:5   | 16123 ||| UPGRADING to +6 ring of dexterity.
 16125 | Lair:5   | 16125 ||| UPGRADING to +6 ring of strength.
 16127 | Lair:5   | 16127 ||| DROPPING ring of willpower.
 16128 | Lair:5   | 16128 ||| READING 15 scrolls of identify.
 16128 | Lair:5   | 16128 ||| IDENTIFYING fuming blue potion
 16449 | D:12     | Received a gift from Okawaru
 16451 | D:12     | Reached skill level 3 in Dodging
 16517 | D:12     | 16517 ||| Stepping ~*~*~tactically~*~*~ (hiding).
 16531 | D:12     | Reached skill level 6 in Throwing
 16553 | D:12     | Reached skill level 12 in Fighting
 16769 | D:12     | 16769 ||| Stepping ~*~*~tactically~*~*~ (hiding).
 17073 | D:12     | 17073 ||| DRINKING 2 black potions.
 17074 | D:12     | 17074 ||| DROPPING potion of invisibility.
 17381 | D:13     | 17381 ||| Stepping ~*~*~tactically~*~*~ (hiding).
 17633 | D:13     | Received a gift from Okawaru
 17709 | D:13     | 17709 ||| READING scroll of enchant weapon.
 17709 | D:13     | 17709 ||| ENCHANTING +1 broad axe of freezing.
 17853 | D:13     | 17853 ||| INVOKING Heroism.
 17868 | D:13     | HP: 13/96 [vault guard/+0 glaive (14)]
 17869 | D:13     | 17869 ||| READING 7 scrolls of teleportation.
 17870 | D:13     | 17870 ||| DRINKING 4 potions of heal wounds.
 18185 | D:13     | Found a gate to the Vaults.
 18407 | D:13     | 18407 ||| DROPPING +1 pair of gloves of stealth.
 18408 | D:13     | 18408 ||| UPGRADING to +0 tower shield.
 18418 | D:13     | 18418 ||| DROPPING +0 kite shield.
 18448 | D:14     | Found a runed translucent gate.
 18448 | D:14     | Identified the +0 plate armour "Vuepeum" {Dex+2}
 18449 | D:14     | Found a runed translucent gate.
 18449 | D:14     | Noticed Kapsuk's ghost (journeyman DECj)
 18450 | D:14     | Found a runed translucent gate.
 18473 | D:14     | 18473 ||| Stepping ~*~*~tactically~*~*~ (stealth).
 18514 | D:14     | 18514 ||| Stepping ~*~*~tactically~*~*~ (stealth).
 18595 | D:14     | 18595 ||| Stepping ~*~*~tactically~*~*~ (stealth).
 18623 | D:14     | 18623 ||| Stepping ~*~*~tactically~*~*~ (hiding).
 18738 | D:14     | Identified Roxanne's Encyclopedia of the Illusory Friends
 18738 | D:14     | Noticed Roxanne
 18739 | D:14     | 18739 ||| INVOKING Heroism.
 18740 | D:14     | 18740 ||| INVOKING Finesse.
 18799 | D:14     | 18799 ||| INVOKING Finesse.
 18800 | D:14     | 18800 ||| INVOKING Heroism.
 18823 | D:14     | Killed Roxanne
 18838 | D:14     | 18838 ||| Stepping ~*~*~tactically~*~*~ (stealth).
 18839 | D:14     | 18839 ||| Stepping ~*~*~tactically~*~*~ (stealth).
 18840 | D:14     | 18840 ||| Stepping ~*~*~tactically~*~*~ (stealth).
 19166 | D:14     | 19166 ||| Stepping ~*~*~tactically~*~*~ (hiding).
 19178 | D:14     | 19178 ||| Stepping ~*~*~tactically~*~*~ (hiding).
 19179 | D:14     | 19179 ||| Stepping ~*~*~tactically~*~*~ (hiding).
 19301 | D:14     | 19301 ||| INVOKING Heroism.
 19314 | D:14     | 19314 ||| Stepping ~*~*~tactically~*~*~ (stealth).
 19315 | D:14     | 19315 ||| Stepping ~*~*~tactically~*~*~ (stealth).
 19317 | D:14     | 19317 ||| Stepping ~*~*~tactically~*~*~ (stealth).
 19709 | D:15     | Entered Level 15 of the Dungeon
 19732 | D:15     | 19732 ||| INVOKING Heroism.
 19768 | D:15     | Found a staircase to the Depths.
 19784 | D:15     | 19784 ||| INVOKING Heroism.
 19871 | D:15     | 19871 ||| INVOKING Heroism.
 19926 | D:15     | 19926 ||| INVOKING Heroism.
 19945 | D:15     | HP: 23/96 [??? (6)]
 19946 | D:15     | 19946 ||| READING 6 scrolls of teleportation.
 19947 | D:15     | 19947 ||| DRINKING 3 potions of heal wounds.
 19951 | D:15     | Received a gift from Okawaru
 20004 | D:15     | 20004 ||| Stepping ~*~*~tactically~*~*~ (stealth).
 20006 | D:15     | 20006 ||| INVOKING Heroism.
 20022 | D:15     | 20022 ||| Stepping ~*~*~tactically~*~*~ (hiding).
 20035 | D:15     | 20035 ||| INVOKING Heroism.
 20040 | D:15     | HP: 19/96 [orc knight/+2 great mace of protection (12)]
 20041 | D:15     | 20041 ||| READING 5 scrolls of teleportation.
 20042 | D:15     | 20042 ||| DRINKING 2 potions of heal wounds.
 20086 | D:15     | 20086 ||| Stepping ~*~*~tactically~*~*~ (stealth).
 20099 | D:15     | 20099 ||| INVOKING Heroism.
 20107 | D:15     | 20107 ||| Stepping ~*~*~tactically~*~*~ (stealth).
 20132 | D:15     | 20132 ||| Stepping ~*~*~tactically~*~*~ (stealth).
 20180 | D:15     | 20180 ||| INVOKING Heroism.
 20197 | D:15     | Reached XP level 16. HP: 36/101 MP: 23/23
 20201 | D:15     | Reached skill level 15 in Shields
 20272 | D:15     | 20272 ||| INVOKING Heroism.
 20848 | D:15     | 20848 ||| PLANNING ORC
 21039 | Orc:1    | Entered Level 1 of the Orcish Mines
 21040 | Orc:1    | 21040 ||| INVOKING Heroism.
 21089 | Orc:1    | 21089 ||| INVOKING Heroism.
 21091 | Orc:1    | 21091 ||| Stepping ~*~*~tactically~*~*~ (hiding).
 21092 | Orc:1    | 21092 ||| Stepping ~*~*~tactically~*~*~ (hiding).
 21348 | Orc:2    | Entered Level 2 of the Orcish Mines
 21349 | Orc:2    | 21349 ||| PLANNING GAUNTLET
 21393 | Orc:2    | 21393 ||| Stepping ~*~*~tactically~*~*~ (hiding).
 21395 | Orc:2    | 21395 ||| Stepping ~*~*~tactically~*~*~ (hiding).
 21396 | Orc:2    | 21396 ||| INVOKING Heroism.
 21484 | Orc:2    | 21484 ||| INVOKING Heroism.
 21500 | Orc:2    | Found a gate leading to a gauntlet.
 21509 | Gauntlet | Entered a Gauntlet
 21509 | Gauntlet | Found a transporter.
 21518 | Gauntlet | Found a transporter.
 21521 | Gauntlet | Found a transporter.
 21532 | Gauntlet | Found a transporter.
 21535 | Gauntlet | Found a transporter.
 21557 | Gauntlet | Found a transporter.
 21564 | Gauntlet | Found a transporter.
 21575 | Gauntlet | Found a transporter.
 21582 | Gauntlet | Found a runed translucent door.
 21587 | Gauntlet | Found a transporter.
 21605 | Gauntlet | Found a transporter.
 21619 | Gauntlet | Found a transporter.
 21619 | Gauntlet | Found a transporter.
 21670 | Gauntlet | Found a transporter.
 21687 | Gauntlet | Found a transporter.
 21793 | Gauntlet | 21793 ||| READING scroll of brand weapon.
 21793 | Gauntlet | 21793 ||| BRANDING +2 broad axe of freezing.
 21794 | Gauntlet | 21794 ||| DROPPING amulet of the acrobat.
 21847 | Gauntlet | 21847 ||| INVOKING Heroism.
 21895 | Gauntlet | Identified the +0 pair of gloves "Cushug" {rC++}
 21899 | Gauntlet | 21899 ||| UPGRADING to +0 pair of gloves "Cushug" {rC++}.
 21912 | Gauntlet | Identified the +5 morningstar of Umabeh {venom, rN+}
 21913 | Gauntlet | 21913 ||| Stepping ~*~*~tactically~*~*~ (stealth).
 21915 | Gauntlet | 21915 ||| INVOKING Heroism.
 21982 | Gauntlet | 21982 ||| UPGRADING to +2 helmet of see invisible.
 21992 | Gauntlet | 21992 ||| REMOVING ring of see invisible.
 21993 | Gauntlet | 21993 ||| DROPPING +1 helmet.
 21994 | Gauntlet | 21994 ||| DROPPING +1 chain mail of poison resistance.
 21995 | Gauntlet | 21995 ||| UPGRADING to ring of protection from fire.
 22012 | Orc:2    | 22012 ||| PLANNING ORC
 22155 | Orc:1    | 22155 ||| INVOKING Heroism.
 22403 | Orc:2    | 22403 ||| DRINKING 10 potions of curing.
 22403 | Orc:2    | 22403 ||| (to cure confusion)
 22420 | Orc:2    | 22420 ||| INVOKING Heroism.
 22447 | Orc:2    | 22447 ||| INVOKING Heroism.
 22461 | Orc:2    | HP: 17/101 [orc warrior/+0 glaive (12)]
 22462 | Orc:2    | 22462 ||| READING 6 scrolls of teleportation.
 22463 | Orc:2    | 22463 ||| DRINKING potion of heal wounds.
 22467 | Orc:2    | Found a staircase to the Elven Halls.
 22493 | Orc:2    | HP: 19/101 [orc priest/divine providence (12)]
 22494 | Orc:2    | 22494 ||| READING 5 scrolls of teleportation.
 22495 | Orc:2    | 22495 ||| INVOKING Heroism.
 22501 | Orc:2    | 22501 ||| READING 4 scrolls of teleportation.
 22836 | Orc:2    | 22836 ||| Stepping ~*~*~tactically~*~*~ (stealth).
 22838 | Orc:2    | 22838 ||| INVOKING Heroism.
 22839 | Orc:2    | 22839 ||| Stepping ~*~*~tactically~*~*~ (stealth).
 22840 | Orc:2    | 22840 ||| Stepping ~*~*~tactically~*~*~ (stealth).
 22959 | Orc:2    | 22959 ||| Stepping ~*~*~tactically~*~*~ (stealth).
 22961 | Orc:2    | 22961 ||| INVOKING Heroism.
 22979 | Orc:2    | 22979 ||| INVOKING Heroism.
 22987 | Orc:2    | HP: 3/101 [orc warrior/+0 morningstar (25)]
 22988 | Orc:2    | 22988 ||| READING 3 scrolls of teleportation.
 22991 | Orc:2    | Slain by an orc high priest

Levels and vault maps discovered:
D:1:      eino_arrival_tree_alley, layout_basic, ebering_ecumenical_altar_box
D:2:      layout_basic, serial_forest, infiniplex_forest_lined_room_2,
          infiniplex_forest_3_way, infiniplex_forest_clump_small,
          infiniplex_forest_straight_2, infiniplex_forest_lined_4_way,
          infiniplex_forest_clump_long, infiniplex_forest_corner_1,
          uniq_sigmund, uniq_robin
D:3:      wad_lake_hut, layout_basic, vehumet_statue,
          pdpol_wu_jian_five_deadly_venoms, nicolae_overflow_crystal_walls,
          mainiacjoe_overflow_alcove_4, serial_shops, shop, wad_orctagon
D:4:      layout_rooms, tso_metal_star, mainiacjoe_overflow_alcove_2,
          grunt_gozag_breadcrumbs, serial_shops, shop, corexii_leaking_fountain,
          item_on_display_a
D:5:      corexii_shantytown, layout_rooms, minmay_temple_entry_hall
D:6:      layout_gridville, serial_shops, nicolae_shop_advertising_works
          [nicolae_subvault_shop_adworks], uniq_menkaure
D:7:      layout_loops_ring, lemuel_doored_altar, serial_aquarium,
          aquarium_bridge_square [aquarium_subvault_window,
          aquarium_subvault_bridge, aquarium_subvault_balcony,
          aquarium_subvault_window], aquarium_window_2, aquarium_window_1,
          aquarium_window_fake, aquarium_view_2a, aquarium_view_2b,
          aquarium_balcony_1a, uniq_joseph
D:8:      layout_basic, fedhas_altar_1, nicolae_hepliaklqana_monster_ancestors
D:9:      layout_roguey, grunt_qazlal_clouds, elyvilon_altar_4,
          zombieorc2_lemuel
D:10:     lemuel_insect_pit, layout_irregular_city, kennysheep_mini_moat,
          kennysheep_slug_shrine
D:11:     layout_long_grid, david_lair_shrubbed, st_stairs_10,
          trog_hazing_becter
D:12:     layout_long_grid, minmay_diced_spiral
D:13:     layout_basic, ximxim_vaults_locker_room
D:14:     layout_rooms, serial_rivers, chequers_serial_rivers_micro_d,
          chequers_serial_rivers_large_b, chequers_serial_rivers_small_3,
          chequers_serial_rivers_large_a, chequers_serial_rivers_small_b,
          biasface_ghost_orc_armoury, minmay_misc_feat_nine_boxes, uniq_roxanne
D:15:     gammafunk_depths_entry_grave, layout_small_grid, fountainhead
Temple:   hellmonk_temple_two_chambers
Lair:1:   layout_long_grid, pdpol_lair_cavern_descent, serial_bayou_shore_a,
          lemuel_fruit_tree, grunt_megastairs_2, lemuel_fruit_fields,
          uniq_amaemon
Lair:2:   layout_cave_shapes, minmay_snake_entry_spellcaster,
          guppyfry_lair_drakes, uniq_maggie
Lair:3:   layout_roguey, minmay_shoals_entry_lonely_mermaid, st_stairs_13,
          serial_bayou_shore_b, uniq_kirke, uniq_fannar, uniq_snorg
Lair:4:   layout_cave_shapes
Lair:5:   minmay_lair_end_frog_pond, layout_cellular_growth,
          minmay_slime_entry_oklob_open, portal_ice_cave_entry_ice_simulacra,
          uniq_sonja, uniq_rupert
Orc:1:    layout_caves, minmay_orc_temple_a
Orc:2:    st_orc_pillars, layout_caves, gauntlet_entry_generic

Skill      XL: |  1  2  3  4  5  6  7  8  9 10 11 12 13 14 15 16 |
---------------+-------------------------------------------------+-----
Axes           | 2 3 5 6 7 8 10 11 13 15 16 | 16.0
Fighting       | 4 5 6 8 9 10 11 12 | 12.0
Dodging        | 1 2 3 |  3.0
Shields        | 6 7 8 9 10 11 12 14 16 | 16.4
Invocations    | 4 7 10 | 10.0
Throwing       | 1 3 4 5 6 |  6.1
Armour         | 5 6 7 9 10 11 | 11.0

Action                     |  1- 3 |  4- 6 |  7- 9 | 10-12 | 13-15 | 16-18 || total
---------------------------+-------+-------+-------+-------+-------+-------++-------
  Melee: War axe           |    63 |   156 |   336 |   117 |       |       ||   672
         Broad axe         |       |       |       |   330 |   812 |   242 ||  1384
         Demon whip        |       |       |       |     3 |    18 |       ||    21
  Throw: Boomerang         |       |    31 |    46 |   112 |    80 |    15 ||   284
         Javelin           |       |       |       |     9 |   156 |    51 ||   216
 Invoke: Heroism           |       |       |     6 |    22 |    26 |    14 ||    68
         Finesse           |       |       |       |     2 |     5 |       ||     7
    Use: Scroll            |     4 |     6 |     9 |     8 |    13 |     5 ||    45
         Potion            |       |     1 |     2 |     2 |     7 |     2 ||    14
 Armour: Scale mail        |    43 |    53 |       |       |       |       ||    96
         Chain mail        |       |    17 |   153 |   143 |       |       ||   313
         Skin              |       |     2 |       |       |       |       ||     2
         Plate armour      |       |       |       |    66 |   350 |    47 ||   463
  Dodge: Dodged            |    30 |    44 |    72 |   139 |   177 |    39 ||   501
  Block: Buckler           |     8 |    26 |       |       |       |       ||    34
         Reflection        |       |     1 |     7 |    13 |    28 |    16 ||    65
         Kite shield       |       |       |   244 |   372 |   459 |       ||  1075
         Tower shield      |       |       |       |       |   160 |   223 ||   383

Table legend:
 A = Non-vault XP
 B = Vault XP
 C = Vault XP percentage of total XP
 D = Non-vault monster count
 E = Vault monster count
 F = Vault count percentage of total count
                 A         B        C        D         E       F
            +---------+---------+-------+---------+---------+-------
      Total |   95377 |   55139 |  36.6 |     517 |     277 |  34.9
            +---------+---------+-------+---------+---------+-------
        D:1 |      45 |       0 |   0.0 |      21 |       0 |   0.0
        D:2 |      41 |     270 |  86.8 |      11 |      14 |  56.0
        D:3 |      68 |      44 |  39.3 |      25 |       5 |  16.7
        D:4 |     271 |       0 |   0.0 |      23 |       0 |   0.0
        D:5 |     209 |     152 |  42.1 |      12 |      46 |  79.3
        D:6 |     919 |     172 |  15.8 |      18 |       1 |   5.3
        D:7 |    1289 |     455 |  26.1 |      27 |       1 |   3.6
        D:8 |    1456 |       2 |   0.1 |      18 |       2 |  10.0
        D:9 |    1091 |     751 |  40.8 |      16 |      37 |  69.8
       D:10 |    2686 |       4 |   0.1 |      20 |       1 |   4.8
       D:11 |    3486 |    1785 |  33.9 |      21 |      10 |  32.3
       D:12 |    5996 |    2376 |  28.4 |      26 |       5 |  16.1
       D:13 |    5673 |    3773 |  39.9 |      15 |       9 |  37.5
       D:14 |    7396 |    1301 |  15.0 |      23 |       1 |   4.2
       D:15 |   11885 |    5731 |  32.5 |      24 |       8 |  25.0
     Lair:1 |    9092 |    4788 |  34.5 |      25 |      14 |  35.9
     Lair:2 |   11354 |    1100 |   8.8 |      34 |       4 |  10.5
     Lair:3 |    5184 |    5003 |  49.1 |      23 |      11 |  32.4
     Lair:4 |    8284 |       0 |   0.0 |      24 |       0 |   0.0
     Lair:5 |   11382 |   15673 |  57.9 |      37 |      47 |  56.0
      Orc:1 |    4040 |     137 |   3.3 |      44 |       7 |  13.7
      Orc:2 |    3530 |    5781 |  62.1 |      30 |      43 |  58.9
   Gauntlet |       0 |    5841 | 100.0 |       0 |      11 | 100.0
            +---------+---------+-------+---------+---------+-------
